 Dungeon Crawl Stone Soup version 0.23.0 (webtiles) character file.

Game seed: 8514593959267843701

308 Tiagovsky the Vandal (level 6, 0/42 HPs)
             Began as a Halfling Hunter on Feb 8, 2019.
             Killed from afar by an orc wizard (7 damage)
             ... with a puff of frost
             ... on level 3 of the Dungeon.
             The game lasted 00:15:03 (3287 turns).

Tiagovsky the Vandal (Halfling Hunter)              Turns: 3287, Time: 00:15:04

Health: 0/42       AC:  4    Str: 14    XL:     6   Next: 68%
Magic:  6/6        EV: 16    Int:  9    God:
Gold:   148        SH:  0    Dex: 16    Spells: 5/5 levels left

rFire    . . .     SeeInvis .   w - +1 short sword (venom)
rCold    . . .     Gourm    .   (shield restricted)
rNeg     . . .     Faith    .   c - +0 leather armour
rPois    .         Spirit   .   (no helmet)
rElec    .         Reflect  .   A - +0 cloak
rCorr    .         Harm     .   (no gloves)
MR       .....                  (no boots)
Stlth    ++........             (no amulet)
HPRegen  0.14/turn              (no ring)
MPRegen  0.10/turn              (no ring)

@: no status effects
A: small, mutation resistance 1
a: no special abilities


You were on level 3 of the Dungeon.
You were not hungry.

You visited 1 branch of the dungeon, and saw 4 of its levels.

You collected 148 gold pieces.

Inventory:

Hand Weapons
 q - a +1 hunting sling
 w - a +1 short sword of venom (weapon)
Missiles
 d - 65 sling bullets
 k - 52 stones (quivered)
Armour
 c - a +0 leather armour (worn)
 A - a +0 cloak (worn)
Wands
 p - a wand of polymorph (2)
 s - a wand of random effects (11)
 y - a wand of flame (9)
Scrolls
 e - 5 scrolls of identify {unknown}
 g - a scroll of remove curse {unknown}
 h - 4 scrolls of enchant weapon {unknown}
 i - a scroll of blinking {unknown}
 j - a scroll of enchant armour {unknown}
 l - a scroll of random uselessness {unknown}
 m - a scroll of magic mapping {unknown}
 n - a scroll of amnesia {unknown}
 u - a scroll of teleportation {unknown}
 v - 2 scrolls of noise {unknown}
Potions
 a - a potion of invisibility {unknown}
 b - 2 potions of lignification {unknown}
 o - 3 potions of curing {unknown}
 t - a potion of heal wounds {unknown}
 x - a potion of might {unknown}
 z - a potion of brilliance {unknown}
Comestibles
 f - 6 rations
 r - 3 chunks of flesh


   Skills:
 + Level 3.0 Fighting
 + Level 2.6 Short Blades
 + Level 7.2 Slings
 + Level 3.8 Dodging
 + Level 3.4 Stealth


You had 5 spell levels left.
You didn't know any spells.
Your spell library was empty.

Dungeon Overview and Level Annotations

Branches:
Dungeon (4/15)
 Temple: D:4-7

Altars:


Innate Abilities, Weirdness & Mutations

You are small and have problems with some larger weapons.
You are somewhat resistant to further mutation.


Message History

You hit the ooze.
The ooze is poisoned.
The ooze is severely wounded.
The ooze hits you.
* * * LOW HITPOINT WARNING * * *
You hit the ooze.
You kill the ooze!
You hit the orc wizard.
The orc wizard is poisoned.
The orc wizard is moderately wounded.
The orc wizard casts a cantrip, but nothing happens.
The orc wizard hits you with a +0 dagger.
* * * LOW HITPOINT WARNING * * *
You hit the orc wizard.
The orc wizard looks as sick as possible!
The orc wizard is heavily wounded.
The orc wizard hits you but does no damage.
You barely miss the orc wizard.
The orc wizard is severely wounded.
The orc wizard casts a spell at you. The puff of frost hits you!
You die...

#.................###...##.######
#................## ######## #
.....(.....#...<.# #
......[....#..[..# #
.................# ##### ♣♣##
................)# #)..#♣♣ ♣♣..#
...........#.....# #...).♣♣♣♣.P..
...........#.###o# #...#♣..♣.P...
........#......#@# #####♣♣♣.♣.P.#
...............### ♣♣♣♣♣##
.###...........# .# #...........#
## #.##.....#### ##########


You could see an orc wizard.

Vanquished Creatures
  A scorpion (D:3)
  Crazy Yiuf (D:3)
  Jessica (D:3)
  Ijyb (D:3)
  Natasha (thrice) (D:3)
  3 adders (D:2)
  An ooze (D:3)
  2 worms
  2 dart slugs (D:1)
  4 leopard geckos
  An orc (D:3)
  A ball python (D:3)
  A giant cockroach (D:1)
  6 goblins
  7 hobgoblins
  5 jackals
  9 kobolds
  A quokka (D:3)
  5 bats
  4 frilled lizards
  8 rats
67 creatures vanquished.

Notes
Turn   | Place    | Note
-------+----------+-------------------------------------------
     0 | D:1      | Tiagovsky the Halfling Hunter began the quest for the Orb.
     0 | D:1      | Reached XP level 1. HP: 14/14 MP: 1/1
    64 | D:1      | Reached XP level 2. HP: 19/19 MP: 2/2
    67 | D:1      | Reached skill level 6 in Slings
   318 | D:1      | Reached XP level 3. HP: 19/24 MP: 3/3
  1177 | D:2      | Reached XP level 4. HP: 21/29 MP: 4/4
  1683 | D:2      | Reached skill level 1 in Short Blades
  2157 | D:3      | Noticed Ijyb
  2190 | D:3      | Killed Ijyb
  2190 | D:3      | Reached XP level 5. HP: 35/35 MP: 5/5
  2199 | D:3      | Noticed Natasha
  2232 | D:3      | Killed Natasha
  2279 | D:3      | Noticed Natasha
  2294 | D:3      | Killed Natasha
  2336 | D:3      | Noticed Natasha
  2373 | D:3      | Killed Natasha
  2601 | D:3      | Noticed Jessica
  2613 | D:3      | Killed Jessica
  2613 | D:3      | Reached skill level 7 in Slings
  2613 | D:3      | Reached XP level 6. HP: 41/41 MP: 6/6
  3036 | D:3      | Found a runed translucent door.
  3037 | D:3      | Noticed Crazy Yiuf
  3046 | D:3      | Killed Crazy Yiuf
  3287 | D:3      | Killed from afar by an orc wizard

Skill      XL: |  1  2  3  4  5  6 |
---------------+-------------------+-----
Fighting       | 2 3 |  3.0
Slings         | 6 7 |  7.2
Stealth        | 2 3 |  3.4
Short Blades   | 1 2 |  2.6
Dodging        | 3 |  3.8

Action                   |  1- 3 |  4- 6 || total
-------------------------+-------+-------++-------
Melee: Short sword       |    47 |    87 ||   134
 Fire: Hunting sling     |    59 |    63 ||   122
Throw: Stone             |     1 |       ||     1
Evoke: Wand              |       |     1 ||     1
  Eat: Chunk             |     1 |     6 ||     7
Armor: Leather armour    |    20 |     9 ||    29
       Skin              |       |    20 ||    20
Dodge: Dodged            |    47 |    60 ||   107
